 Dungeon Crawl Stone Soup version 0.29.0 (webtiles) character file.

Game seed: 17228055408558879556

94899 iguanaiguana the Convoker (level 17, -24/158 HPs)
             Began as a Meteoran Cinder Acolyte on Aug 24, 2022.
             Was an Elder of Jiyva.
             Annihilated by a spriggan rider
             ... wielding the +7 trident of the Coin {protect, Fly rPois rN+ Str+2}
              (30 damage)
             ... on level 3 of the Swamp.
             The game lasted 02:39:28 (10286 turns).

iguanaiguana the Convoker (MeCA)                   Turns: 10286, Time: 02:39:29

Health: -24/158    AC: 16    Str: 15    XL:     17   Next: 16%
Magic:  19/43      EV: 14    Int: 23    God:    Jiyva [****..]
Gold:   872        SH:  7    Dex: 18    Spells: 8/40 levels left

rFire   + . .      SeeInvis .   b - staff of poison
rCold   . . .      Faith    .   R - +1 buckler {rF+}
rNeg    . . .      Spirit   .   Q - +1 troll leather armour
rPois   +          Reflect  .   k - +2 hat
rElec   .          Harm     .   C - +2 cloak {Will+}
rCorr   +          Rampage  .   (no gloves)
Will    +++..                   h - +0 pair of boots
Stlth   ++........              c - amulet of regeneration
HPRegen 3.24/turn               B - ring of magical power
MPRegen 0.68/turn               H - +4 ring of protection

@: forested, glowing
A: sense surroundings 2, otherworldly, glowing, explore regen, thin skeletal
structure 3, robust 1, engulf
a: Renounce Religion, Oozemancy, Slimify


You were on level 3 of the Swamp.
You worshipped Jiyva.
Jiyva was greatly pleased with you.
You visited 6 branches of the dungeon, and saw 31 of its levels.
You also visited: Ossuary.

You collected 2128 gold pieces.
You spent 1256 gold pieces at shops.

Inventory:

Hand Weapons
 a - a +3 scimitar of electrocution
Missiles
 A - 2 throwing nets
 I - 6 javelins
 L - 2 boomerangs of dispersal
Armour
 h - a +0 pair of boots (worn)
 k - a +2 hat (worn)
 r - a +1 kite shield of reflection
 x - a +0 tower shield
 C - a +2 cloak of willpower (worn)
 Q - a +1 troll leather armour (worn)
 R - a +1 buckler of fire resistance (worn)
Magical Staves
 b - a staff of poison (weapon)
 U - a staff of death
Jewellery
 c - an amulet of regeneration (around neck)
 n - a ring of poison resistance
 w - the ring "Zail" {Fire *Slow rPois rN+ Stlth+}
   (You bought it in a shop on level 12 of the Dungeon)

   [ring of fire]

   It enhances your fire magic.
   rF:        It protects you from fire.
   rC:        It makes you vulnerable to cold.
   rPois:     It protects you from poison.
   rN:        It protects you from negative energy.
   *Slow:     It may slow you when you take damage.
   Stlth:     It makes you more stealthy.
 B - a ring of magical power (left hand)
 H - a +4 ring of protection (right hand)
 K - a ring of fire
 M - a ring of see invisible
 P - a ring of protection from fire
 X - a ring of magical power
Wands
 D - a wand of digging (7) {@v3}
 F - a wand of polymorph (18)
 G - a wand of flame (36)
 O - a wand of mindburst (5)
Scrolls
 d - 5 scrolls of fog
 g - 4 scrolls of teleportation {@r3}
 i - 2 scrolls of magic mapping {@r5}
 m - 2 scrolls of immolation
 s - a scroll of vulnerability
 y - a scroll of amnesia
 N - 2 scrolls of silence
 S - 2 scrolls of summoning
 T - 3 scrolls of identify {@r1}
 V - a scroll of enchant weapon
Potions
 f - 4 potions of curing {@q1}
 j - 3 potions of attraction
 l - a potion of flight
 o - 3 potions of brilliance
 p - 4 potions of ambrosia
 q - a potion of haste {@q4}
 t - a potion of cancellation
 z - 2 potions of invisibility
 E - a potion of mutation
 J - 2 potions of heal wounds {@q2}
 W - 2 potions of lignification
 Y - a potion of berserk rage
 Z - a potion of resistance {unknown}
Miscellaneous
 u - a tin of tremorstones (2/2)


   Skills:
 - Level 11.4 Fighting
 - Level 4.0(5.0) Short Blades
 - Level 5.2(6.0) Long Blades
 - Level 4.0 Maces & Flails
 - Level 4.0 Armour
 - Level 6.0 Dodging
 - Level 8.0 Shields
 - Level 12.0 Spellcasting
 - Level 6.1 Conjurations
 - Level 18.0 Summonings
 - Level 8.0 Translocations
 - Level 2.4 Transmutations
 - Level 8.0 Fire Magic
 + Level 11.4 Air Magic
 - Level 10.0 Earth Magic
 - Level 4.0 Evocations


You had 8 spell levels left.
You knew the following spells:

 Your Spells              Type           Power      Damage    Failure   Level
a - Summon Hydra          Summ           38%        N/A       3%          7
b - Airstrike             Air            30%        2d(5-21)  1%          4
c - Summon Forest         Summ/Tloc      32%        N/A       1%          5
d - Summon Lightning Spi  Summ/Air       69%        N/A       1%          4
e - Scorch                Fire           100%       2d10      1%          2
f - Stone Arrow           Conj/Erth      100%       3d13      1%          3
g - Passwall              Tmut/Erth      35%        N/A       1%          2
h - Apportation           Tloc           100%       N/A       1%          1
i - Passage of Golubria   Tloc           50%        N/A       2%          4

Your spell library contained the following spells:

 Spells                   Type           Power      Damage    Failure   Level
 Summon Small Mammal      Summ           100%       N/A       0%          1
 Call Canine Familiar     Summ           77%        N/A       0%          3
 Sandblast                Erth           100%       2d20      1%          1
 Static Discharge         Conj/Air       52%        3-10/arc  1%          2
 Conjure Flame            Conj/Fire      46%        6-21      1%          3
 Summon Guardian Golem    Hex/Summ       53%        N/A       1%          3
 Sticky Flame             Conj/Fire      46%        2d6       3%          4
 Sting                    Tmut/Pois      100%       1d8       4%          1
 Ignite Poison            Fire/Tmut/Pois 44%        N/A       4%          3
 Lightning Bolt           Conj/Air       26%        1d42      5%          5
 Necrotise                Necr           52%        1d6       7%          1
 Ensorcelled Hibernation  Hex/Ice        26%        N/A       11%         2
 Spider Form              Tmut/Pois      29%        N/A       13%         3
 Tukima's Dance           Hex            13%        N/A       21%         3
 Borgnjor's Vile Clutch   Necr/Erth      18%        N/A       24%         5
 Anguish                  Hex/Necr       6%         N/A       56%         4
 Animate Dead             Necr           13%        N/A       56%         4
 Dispel Undead            Necr           13%        3d9       56%         4
 Yara's Violent Unravell  Hex/Tmut       9%         3d6       75%         5
 Storm Form               Tmut/Air       22%        N/A       98%         7
 Maxwell's Capacitive Co  Air            30%        ∞         99%         8
 Death Channel            Necr           6%         N/A       100%        6
 Eringya's Noxious Bog    Tmut/Pois      14%        N/A       100%        6
 Dragon Form              Tmut           12%        N/A       100%        7


Dungeon Overview and Level Annotations

Branches:
Dungeon (15/15) Zot: 2220  Temple (1/1) D:6 Zot: 598    Lair (5/5) D:9 Zot: 730
  Swamp (3/4) Lair:3 Zot: 1531  Spider (0/4) Lair:2        Slime (5/5) Lair:4 Zot: 2887
    Orc (2/2) D:9 Zot: 445     Elf (0/3) Orc:2        Vaults (0/5) D:13
 Depths (0/4) D:15        Ossuary (visited)

Altars:
Ashenzari
Cheibriados
Fedhas
Hepliaklqana
Kikubaaqudgha
Nemelex Xobeh
Okawaru
Ru
Trog
Xom
Zin
Jiyva

Shops:
D:6 *   D:7 =   D:12 =   Orc:2 [(:[

Portals:
Trove: D:11 (give +6 fire dragon scales)

Annotations:
Lair:2 exclusion: oklob plant


Innate Abilities, Weirdness & Mutations

You passively map the area around you.
You are easily found by Zot.
You glow in the dark.
You regain HP and MP as you explore.
You have an unnaturally thin skeletal structure. (Dex +6, Stealth+++)
You are robust. (+10% HP)
Your melee attacks may engulf your foes in ooze.


Message History

* * * LOW HITPOINT WARNING * * *
The six-headed hydra bites you.
* * * LOW HITPOINT WARNING * * *
You hear a distant slurping noise.
The spriggan druid points at your eight-headed hydra and mumbles some strange words.
The stone arrow hits your eight-headed hydra!!
The goliath frog hits you from afar.
* * * LOW HITPOINT WARNING * * *
You are splashed with acid.
You resist.
* * * LOW HITPOINT WARNING * * *
The spriggan rider hits your eight-headed hydra with the +7 trident of the Coin {protect, Fly rPois rN+ Str+2}!!
Okay, then.
Your eight-headed hydra disappears in a puff of smoke!
A tree reaches out and hits you!
* * * LOW HITPOINT WARNING * * *
The swamp worm fires a harpoon shot at you.
The spriggan druid points at you and mumbles some strange words.
The stone arrow hits you!
* * * LOW HITPOINT WARNING * * *
The spriggan rider hits your lightning spire from afar with the +7 trident of the Coin {protect, Fly rPois rN+ Str+2}!
Okay, then.
Okay, then.
Throw: 3 boomerangs (disperse)
Press: ? - help, Shift-Dir - straight line, f - six-headed hydra
Aim: a six-headed hydra (grey smoke, 82% to hit)
You throw a boomerang of dispersal.
The boomerang of dispersal hits the six-headed hydra.
The six-headed hydra blinks!
The six-headed hydra is lightly wounded.
Your lightning spire disappears in a puff of smoke!
A root smacks you from below.
* * * LOW HITPOINT WARNING * * *
The swamp worm fires a harpoon shot at you.
The goliath frog hits you from afar.
* * * LOW HITPOINT WARNING * * *
You are splashed with acid.
You resist.
* * * LOW HITPOINT WARNING * * *
The spriggan druid calls out to the beasts of the wild!
The spriggan rider hits you from afar with the +7 trident of the Coin {protect, Fly rPois rN+ Str+2}!!
You die...

...♣.~.♣~♣ ♣~.~♣ ~~ ~
~..~♣~..♣♣♣♣♣♣♣♣§.♣ ~
~~.......♣♣♣♣.♣.§.♣ ~ ~
...~~~...~.§....##♣ ,~ ~
♣§^.♣.......~~~§♣♣♣♣ ~
♣†.~~~..~~..~~~~#..♣♣♣♣*
< **
.~.~~~...~~.~~~~♣#$.♣?♣♣*
, ~
..♣.~~~~~.~.~~~w8#....$♣*
, ,
..~~.≈~~.~§.~~F§@♣..[♣. *
,,
...~~..~~~...§§.§'i♣$..♣
,~
..~.~≈.♣...§.~.§i♣....♣♣
* ...~..~~~§~....♣8#♣♣♣.♣
* ~ ....~~~~~......♣#♣♣
*♣ ,~ ~
....~.~.~~(D....#.i♣*
...♣.~.~§~..~~..♣♣♣♣ , ,
.....~♣♣.~.~§♣.♣## ~, ~~
..~..♣♣♣♣~.~~♣...♣ ,~,~ ~


You could see a six-headed hydra, a spriggan rider, a spriggan druid, a goliath
frog and a swamp worm.

Vanquished Creatures
  An eleionoma (Swamp:3)
  2 hydras
  A great orb of eyes (D:15)
  Erolcha (D:8)
  A boulder beetle (D:12)
  4 two-headed ogres
  A death knight (D:15)
  2 centaur warriors
  4 death yaks (Lair:5)
  A tengu warrior (D:15)
  A dancing weapon (D:14)
  A lindwurm (D:13)
  2 orc knights
  4 ugly things
  2 deep elf pyromancers
  A manticore (shapeshifter) (D:15)
  2 manticores
  5 cyclopes
  8 nameless horrors
  Joseph (D:9)
  8 elephants (Lair:5)
  Maurice (D:8)
  7 gargoyles
  4 cane toads
  A kobold demonologist (D:6)
  A freezing wraith (D:12)
  2 rime drakes (Lair:4)
  Psyche (D:9)
  2 komodo dragons (Lair:5)
  A burning bush (Lair:4)
  A meliai (shapeshifter) (D:13)
  5 trolls
  5 blink frogs
  Prince Ribbit (D:6)
  A hornet (D:10)
  6 slime creatures (D:10)
  A centaur simulacrum (D:15)
  Sigmund (D:6)
  A wraith (D:11)
  2 wyverns
  27 yaks
  A shadow (D:11)
  A fire elemental (Lair:2)
  A human (D:10)
  2 steam dragons (D:9)
  3 hogs (D:10)
  3 basilisks
  Menkaure (D:6)
  A warg (Orc:1)
  Grum (D:8)
  A swamp worm (Swamp:2)
  An acid dragon (D:10)
  4 water moccasins
  7 orc warriors
  3 black bears
  An ice beast (D:7)
  3 ogres
  5 wolves
  11 centaurs
  2 phantoms
  7 bullfrogs
  A gnoll sergeant (D:9)
  5 scorpions
  3 wights (D:10)
  14 killer bees
  7 howler monkeys
  An electric eel (Lair:1)
  A hound (D:5)
  4 gnoll boudas
  11 orc priests
  2 jellies
  14 orc wizards
  A hell rat (Lair:5)
  8 mummies (Ossuary)
  4 adders
  20 gnolls
  2 shadow imps
  An ufetubus (D:5)
  2 worms (D:4)
  4 dart slugs
  48 orcs
  4 endoplasms
  A giant cockroach (D:3)
  A gnoll zombie (Ossuary)
  2 goblins
  3 hobgoblins
  4 kobolds
  A quokka (D:4)
  3 ball pythons
  3 hobgoblin zombies (Ossuary)
  2 kobold zombies (Ossuary)
  2 orc zombies (Ossuary)
  A rat (D:3)
363 creatures vanquished.

Vanquished Creatures (collateral kills)
  The ghost of xzight the Severer, an adept MiBe of Trog (Swamp:3)
  An orc warlord (Orc:1)
  The ghost of turdburglar the Blocker, a journeyman VSFi of Wu Jian (D:14)
  A dire elephant (Lair:5)
  3 bunyips
  A shambling mangrove (Swamp:3)
  2 boulder beetles (D:14)
  A centaur warrior (D:14)
  7 hydras
  4 ogre magi (Orc:2)
  3 catoblepae
  13 two-headed ogres (Orc:2)
  3 death yaks (Lair:4)
  2 alligators (Swamp:1)
  A tengu warrior (D:14)
  Urug (Lair:2)
  2 nameless horrors
  2 goliath frogs
  A skeletal warrior (D:15)
  A bog body (Lair:3)
  A swamp dragon (Swamp:2)
  An orc sorcerer (Orc:2)
  4 oklob plants (Lair:4)
  A manticore (D:14)
  4 cyclopes
  An ugly thing (D:15)
  4 black mambas
  4 cane toads
  A rime drake (Lair:1)
  6 komodo dragons
  2 freezing wraiths (D:14)
  2 polar bears
  3 trolls
  3 hornets
  A tyrant leech (Swamp:3)
  A dream sheep (Lair:1)
  6 blink frogs
  A wraith (D:14)
  A jumping spider (Lair:2)
  2 spriggans
  4 basilisks
  9 yaks
  13 fire elementals
  A wyvern (Lair:3)
  A steam dragon (Lair:5)
  A redback (Lair:2)
  3 wargs
  4 vampire mosquitoes (Swamp:1)
  7 water moccasins
  A black bear (Lair:3)
  4 swamp drakes
  17 orc warriors
  22 ogres
  A centaur (D:12)
  9 wolves (Lair:3)
  5 bullfrogs
  A scorpion (Lair:5)
  12 orc priests
  13 orc wizards
  6 hell rats (Lair:5)
  3 gnolls (Orc:2)
  32 orcs
  A kobold (D:12)
  3 toadstools (Lair:1)
273 creatures vanquished.

Vanquished Creatures (others)
  16 jellies
  40 foxfires
  35 fungi
  42 plants
  17 snaplasher vines
  4 toadstools (Lair:1)
  4 withered plants (Swamp:3)
158 creatures vanquished.

Grand Total: 794 creatures vanquished

Notes
Turn   | Place    | Note
-------+----------+-------------------------------------------
     0 | D:1      | iguanaiguana the Meteoran Cinder Acolyte began the quest
                  | for the Orb.
     0 | D:1      | Reached XP level 1. HP: 19/19 MP: 3/3
    58 | D:3      | Reached XP level 2. HP: 26/26 MP: 5/5
    61 | D:3      | Learned a level 2 spell: Scorch
   248 | D:3      | Reached XP level 3. HP: 31/31 MP: 6/6
   303 | D:3      | Reached skill level 5 in Fire Magic
   462 | D:4      | Found a sand-covered staircase.
   473 | Ossuary  | Entered an ossuary
   500 | Ossuary  | Reached XP level 4. HP: 29/38 MP: 0/7
   513 | Ossuary  | Reached XP level 5. HP: 5/45 MP: 3/8
   797 | D:4      | Found a glowing silver altar of Zin.
   864 | D:5      | Entered Level 5 of the Dungeon
   878 | D:5      | Reached XP level 6. HP: 51/51 MP: 4/9
   909 | D:5      | Reached skill level 1 in Short Blades
  1064 | D:5      | Reached XP level 7. HP: 47/57 MP: 2/10
  1076 | D:5      | Reached skill level 1 in Dodging
  1161 | D:5      | Identified the +1 ring mail "Mujasuon" {Will+ MP+9}
  1240 | D:6      | Noticed Menkaure
  1241 | D:6      | Noticed Prince Ribbit
  1252 | D:6      | Killed Prince Ribbit
  1253 | D:6      | Reached XP level 8. HP: 38/63 MP: 8/11
  1256 | D:6      | Killed Menkaure
  1359 | D:6      | Noticed Sigmund
  1375 | D:6      | Killed Sigmund
  1376 | D:6      | Reached skill level 5 in Dodging
  1407 | D:6      | Found Ymouh's Assorted Antiques.
  1410 | D:6      | Bought a scroll labelled SAKITZ CUUNAI for 29 gold pieces
  1410 | D:6      | Bought a white potion for 26 gold pieces
  1410 | D:6      | Bought a scroll labelled SAKITZ CUUNAI for 29 gold pieces
  1416 | D:6      | Found a bloodstained altar of Trog.
  1436 | D:6      | Gained mutation: You passively map the area around you.
                  | [Meteoran growth]
  1436 | D:6      | Reached XP level 9. HP: 72/72 MP: 12/12
  1459 | D:6      | Noticed a kobold demonologist
  1468 | D:6      | Killed a kobold demonologist
  1492 | D:6      | Found a staircase to the Ecumenical Temple.
  1498 | D:6      | Reached skill level 1 in Earth Magic
  1518 | Temple   | Entered the Ecumenical Temple
  1561 | D:7      | Found Cumatigg's Jewellery Emporium.
  1564 | D:7      | Bought a ring of magical power for 280 gold pieces
  1614 | D:7      | Learned a level 2 spell: Passwall
  1632 | D:7      | Learned a level 3 spell: Stone Arrow
  1653 | D:7      | Reached skill level 1 in Conjurations
  1698 | D:7      | Reached skill level 5 in Earth Magic
  1763 | D:8      | Reached XP level 10. HP: 65/83 MP: 13/13
  1769 | D:8      | Noticed Maurice
  1776 | D:8      | Killed Maurice
  1777 | D:8      | Reached skill level 5 in Conjurations
  1866 | D:8      | Found an iron altar of Okawaru.
  1903 | D:8      | Reached skill level 1 in Evocations
  2031 | D:9      | Noticed Erolcha
  2059 | D:8      | Killed Erolcha
  2076 | D:8      | Noticed Grum
  2083 | D:8      | Killed Grum
  2311 | D:8      | Noticed a gargoyle
  2314 | D:8      | Killed a gargoyle
  2315 | D:8      | Reached skill level 10 in Earth Magic
  2315 | D:8      | Reached XP level 11. HP: 42/89 MP: 14/14
  2405 | D:8      | Gained mutation: You are clumsy. (Dex -2) [potion of
                  | mutation]
  2405 | D:8      | Lost mutation: You are clumsy. (Dex -2) [potion of
                  | mutation]
  2405 | D:8      | Gained mutation: You are robust. (+10% HP) [potion of
                  | mutation]
  2569 | D:8      | Reached skill level 5 in Spellcasting
  2631 | D:9      | Got the Book of Lithic Moulding
  2650 | D:9      | Noticed Joseph
  2661 | D:9      | Killed Joseph
  2887 | D:9      | Found a staircase to the Lair.
  3070 | D:9      | Found a staircase to the Orcish Mines.
  3232 | D:9      | Noticed Psyche
  3239 | D:9      | Killed Psyche
  3240 | D:9      | Reached skill level 1 in Shields
  3257 | D:9      | Noticed a cyclops
  3268 | D:9      | Killed a cyclops
  3268 | D:9      | HP: 3/106 [spore (27)]
  3366 | D:10     | Entered Level 10 of the Dungeon
  3409 | D:10     | Reached XP level 12. HP: 88/115 MP: 13/22
  3426 | D:9      | Reached skill level 5 in Shields
  3743 | D:11     | Found a portal to a secret trove of treasure.
  3954 | D:10     | Reached skill level 1 in Summonings
  3954 | D:10     | Reached skill level 1 in Translocations
  3982 | D:10     | Noticed a two-headed ogre
  3993 | D:10     | HP: 5/115 [two-headed ogre/+0 dire flail (16)]
  3993 | D:10     | HP: 2/115 [gnoll bouda/+0 whip (3)]
  4001 | D:10     | Killed a two-headed ogre
  4002 | D:10     | Reached skill level 2 in Summonings
  4109 | D:10     | Reached skill level 3 in Summonings
  4131 | D:9      | Reached skill level 1 in Air Magic
  4221 | D:10     | Learned a level 4 spell: Summon Lightning Spire
  4300 | D:10     | Identified the +9 sling of Buasm {venom, Drain rC+ Str+10}
  4363 | D:10     | Paralysed by a hornet for 2 turns
  4403 | D:10     | Reached skill level 4 in Summonings
  4636 | D:11     | Learned a level 4 spell: Airstrike
  4683 | D:11     | Reached skill level 5 in Air Magic
  4817 | D:12     | Reached skill level 5 in Summonings
  4858 | D:12     | Noticed a boulder beetle
  4888 | D:12     | Killed a boulder beetle
  5041 | D:12     | Noticed a deep elf pyromancer
  5051 | D:12     | Killed a deep elf pyromancer
  5052 | D:12     | Reached XP level 13. HP: 122/122 MP: 21/23
  5062 | D:12     | Found Biesuhin's Jewellery Shop.
  5073 | D:12     | Bought the ring "Zail" {Fire *Slow rPois rN+ Stlth+} for
                  | 488 gold pieces
  5199 | D:12     | Identified the +1 chain mail of Feasting {Dex+2}
  5268 | D:13     | Noticed a centaur warrior
  5279 | D:13     | Killed a centaur warrior
  5281 | D:13     | Reached skill level 6 in Summonings
  5315 | D:13     | Noticed a two-headed ogre
  5324 | D:13     | Killed a two-headed ogre
  5334 | D:13     | Reached skill level 7 in Summonings
  5443 | D:13     | Noticed a two-headed ogre
  5689 | D:13     | Noticed a four-headed hydra
  5707 | D:13     | Killed a four-headed hydra
  5708 | D:13     | Reached skill level 8 in Summonings
  5754 | D:13     | Found a gate to the Vaults.
  5841 | D:14     | Noticed a boulder beetle
  5850 | D:14     | Noticed a catoblepas
  5859 | D:14     | Noticed a centaur warrior
  5860 | D:14     | Killed a catoblepas
  5865 | D:14     | Noticed a tengu warrior
  5873 | D:14     | Killed a centaur warrior
  5874 | D:14     | Reached skill level 9 in Summonings
  5875 | D:14     | Killed a tengu warrior
  5876 | D:14     | Killed a boulder beetle
  5897 | D:14     | Reached skill level 10 in Summonings
  5897 | D:14     | Reached skill level 10 in Air Magic
  5930 | D:14     | Found a glowing silver altar of Zin.
  5932 | D:14     | You fall into a shaft and drop 1 floor!
  5932 | D:15     | Entered Level 15 of the Dungeon
  5935 | D:15     | Found a sacrificial altar of Ru.
  6056 | D:15     | Learned a level 5 spell: Summon Forest
  6133 | D:15     | Noticed a four-headed hydra
  6140 | D:15     | Noticed a great orb of eyes
  6145 | D:15     | Killed a four-headed hydra
  6145 | D:15     | Killed a great orb of eyes
  6146 | D:15     | Reached XP level 14. HP: 78/129 MP: 9/24
  6147 | D:15     | Found a staircase to the Depths.
  6525 | D:14     | Reached skill level 11 in Summonings
  6530 | D:14     | Identified the +1 robe of Duck's Teeth {-Cast rElec rF+
                  | rCorr}
  6613 | D:14     | Found a runed translucent door.
  6630 | D:14     | Found a shimmering altar of Xom.
  6630 | D:14     | Noticed turdburglar's ghost (journeyman VSFi)
  6739 | D:14     | Killed turdburglar's ghost
  6740 | D:14     | Reached skill level 12 in Summonings
  6873 | Lair:1   | Entered Level 1 of the Lair of Beasts
  6940 | Lair:1   | Reached skill level 13 in Summonings
  6950 | Lair:2   | Noticed Urug
  7034 | Lair:3   | You fall into a shaft and drop 2 floors!
  7034 | Lair:5   | Entered Level 5 of the Lair of Beasts
  7078 | Lair:5   | Reached skill level 14 in Summonings
  7094 | Lair:5   | Reached skill level 1 in Long Blades
  7111 | Lair:5   | Noticed a dire elephant
  7120 | Lair:5   | Killed a dire elephant
  7247 | Lair:4   | Reached XP level 15. HP: 119/137 MP: 25/25
  7477 | Lair:4   | Found a viscous altar of Jiyva.
  7478 | Lair:4   | Found a shimmering altar of Xom.
  7479 | Lair:4   | Found a staircase to the Slime Pits.
  7519 | Lair:4   | Reached skill level 15 in Summonings
  7523 | Lair:4   | Reached skill level 5 in Long Blades
  7583 | Lair:4   | Learned a level 7 spell: Summon Hydra
  7829 | Lair:4   | Reached skill level 10 in Fighting
  7995 | Lair:4   | Fell from the grace of Ignis
  7995 | Lair:4   | Became a worshipper of Jiyva Jupix the Shapeless
  7998 | Slime:1  | Entered Level 1 of the Pits of Slime
  8002 | Slime:1  | Noticed a rockslime
  8014 | Slime:3  | Noticed an acid blob
  8030 | Slime:4  | Noticed an acid blob
  8035 | Slime:3  | Noticed an azure jelly
  8041 | Slime:4  | Noticed an azure jelly
  8051 | Slime:5  | Entered Level 5 of the Pits of Slime
  8054 | Slime:5  | Noticed an acid blob
  8062 | Slime:5  | Noticed an acid blob
  8065 | Slime:5  | Found a viscous altar of Jiyva.
  8065 | Slime:5  | Noticed an acid blob
  8065 | Slime:5  | Found the +8 arc blade {discharge, rElec}
  8070 | Slime:5  | Noticed an acid blob
  8071 | Slime:5  | Noticed an acid blob
  8074 | Slime:5  | Noticed a quicksilver ooze
  8197 | Lair:3   | Identified the +0 robe of the Original Sin {-Cast rElec
                  | rF+}
  8240 | Lair:3   | Found a staircase to the Swamp.
  8528 | Lair:2   | Killed Urug
  8623 | Lair:2   | Reached * piety under Jiyva
  8645 | Lair:2   | Found a hole to the Spider Nest.
  8795 | Lair:2   | Reached skill level 16 in Summonings
  8817 | Lair:2   | Reached ** piety under Jiyva
  8954 | Orc:1    | Entered Level 1 of the Orcish Mines
  8954 | Orc:1    | Noticed an orc warlord
  8963 | Orc:1    | Reached XP level 16. HP: 151/151 MP: 15/29
  8972 | Orc:1    | Killed an orc warlord
  9016 | Orc:2    | Entered Level 2 of the Orcish Mines
  9016 | Orc:2    | Found a bloodstained altar of Trog.
  9070 | Orc:2    | Found a staircase to the Elven Halls.
  9136 | Orc:1    | Reached *** piety under Jiyva
  9265 | Orc:2    | Reached skill level 17 in Summonings
  9310 | Orc:1    | Gained mutation: You have a somewhat thin skeletal
                  | structure. (Dex +2, Stealth+) [Jiyva's grace]
  9310 | Orc:1    | Gained mutation: You have a moderately thin skeletal
                  | structure. (Dex +4, Stealth++) [Jiyva's grace]
  9310 | Orc:1    | Gained mutation: You have an unnaturally thin skeletal
                  | structure. (Dex +6, Stealth+++) [Jiyva's grace]
  9310 | Orc:1    | Gained mutation: Your melee attacks may engulf your foes in
                  | ooze. [Jiyva's grace]
  9383 | Orc:2    | Reached skill level 10 in Spellcasting
  9396 | Orc:2    | Found Osudwo's Armour Shoppe.
  9396 | Orc:2    | Found Ruaqir's Book Boutique.
  9396 | Orc:2    | Found Lenuy's Antique Weapon Boutique.
  9396 | Orc:2    | Found Veumiq's Antique Armour Emporium.
  9442 | Orc:2    | Bought a glimmering spear for 224 gold pieces
  9442 | Orc:2    | Identified the +3 spear "Ifowe" {holy, rC+} (You bought it
                  | in a shop on level 2 of the Orcish Mines)
  9444 | Orc:2    | Bought a book of Cantrips for 180 gold pieces
  9446 | Orc:2    | Learned a level 1 spell: Apportation
  9509 | Orc:2    | Reached skill level 18 in Summonings
  9740 | Lair:1   | Was forgiven by Ignis
  9788 | Lair:1   | Reached **** piety under Jiyva
  9846 | Lair:1   | Learned a level 4 spell: Passage of Golubria
  9982 | Lair:2   | Found a glowing silver altar of Zin.
 10029 | Swamp:1  | Entered Level 1 of the Swamp
 10107 | Swamp:2  | Reached XP level 17. HP: 89/158 MP: 12/34
 10144 | Swamp:3  | Found a runed translucent door.
 10230 | Swamp:3  | Noticed xzight's ghost (adept MiBe)
 10231 | Swamp:3  | Identified the +7 trident of the Coin {protect, Fly rPois
                  | rN+ Str+2}
 10283 | Swamp:3  | Killed xzight's ghost
 10286 | Swamp:3  | HP: 6/158 [acid[a spriggan druid] (3)]
 10286 | Swamp:3  | Annihilated by a spriggan rider

Illustrated notes

Levels and vault maps discovered:
D:1:      saegor_arrival_simple_e, layout_basic,
          hellmonk_ecumenical_altar_leap_of_faith
D:2:      layout_basic
D:3:      minmay_recursive_quarters, layout_loops_cross, serial_glass,
          glass_columns_a, glass_columns_c, glass_columns_a, glass_columns_b,
          glass_columns_c, glass_columns_b, glass_columns_c, glass_columns_a,
          serial_shops, nicolae_shop_waterfront, uniq_crazy_yiuf_cottage,
          uniq_robin
D:4:      layout_cave_pods, mainiacjoe_overflow_alcove_4,
          nicolae_ossuary_entry_ruins, minmay_statues_item, minivault_19,
          nicolae_grassy_gnolls
D:5:      layout_basic, hangedman_minor_gate_pass
D:6:      layout_cave_pools, overflow_temple_1_default,
          minmay_temple_entry_proselytizer, serial_shops,
          nicolae_shop_behind_doors, uniq_menkaure, uniq_prince_ribbit1,
          uniq_sigmund
D:7:      layout_loops_ring, nicolae_wu_jian_wuxing_cycle, serial_shops, shop,
          nicolae_stop_n_shop_1
D:8:      cheibrodos_statue_roulette, layout_gridville, okawaru_humans,
          uniq_maurice, uniq_grum
D:9:      layout_long_grid, dpeg_oklobed_lair, hiddenorc2_lemuel, uniq_joseph,
          uniq_erolcha, uniq_psyche
D:10:     layout_irregular_city, grunt_livestock
D:11:     layout_rooms, enter_trove_0
D:12:     layout_cave_pods, serial_shops, nicolae_shop_crystal
D:13:     layout_small_grid, david_vaults_4, reono_crystal_passage
D:14:     layout_basic, ebering_ghost_xom, old_standard_altar, special_room
          [special_room_orc], minmay_alternating_orb
D:15:     hangedman_depths_entry_try_elsewhere_first, layout_rooms,
          hangedman_decor_slide_cut, minmay_misc_feat_pillars,
          nicolae_ru_great_annihilating_truth
Temple:   nicolae_temple_two_arcs
Lair:1:   gammafunk_lair_enchanted_lake, layout_gridlike
Lair:2:   layout_gridlike, spider_nest_entry_a, lemuel_oklob_altar,
          lemuel_fruit_tree, uniq_urug
Lair:3:   layout_layer_cave, skrybe_swamp_entry_bodies, grunt_megastairs_2,
          infiniplex_staircase_pool_2
Lair:4:   layout_cave_pods, minmay_slime_entry_oklob_open, basic_altar,
          evilmike_ambush [evilmike_ambush_outer_basic,
          evilmike_ambush_inner_basic]
Lair:5:   evilmike_catoblepas_cave, layout_regular_city,
          nicolae_lair_lakeside_cave
Swamp:1:  layout_basic_swamp, hangedman_swamp_ruin_hall, uniq_roxanne
Swamp:2:  layout_basic_swamp, evilmike_swamp_ruin_rubble_2,
          hangedman_swamp_phenomena
Swamp:3:  layout_basic_swamp, ebering_ghost_funeral_grove, serial_swamp_ruin,
          evilmike_swamp_ruin_house_2, evilmike_swamp_ruin_house_1, swamp_pool4,
          kb_tengu_band
Slime:1:  layout_caves
Slime:2:  layout_caves
Slime:3:  layout_caves, cheibrodos_slime_lost_civilization_6
Slime:4:  layout_caves
Slime:5
Orc:1:    layout_caves
Orc:2:    st_orc_ogre_mass, layout_diamond_mine, basic_altar

Skill      XL: |  1  2  3  4  5  6  7  8  9 10 11 12 13 14 15 16 17 |
---------------+----------------------------------------------------+-----
Fire Magic     | 4 5 6 7 8 |  8.0
Short Blades   | 3 4 |  4.0
Dodging        | 4 5 6 |  6.0
Armour         | 3 4 |  4.0
Fighting       | 4 6 9 11 | 11.4
Transmutations | 2 |  2.4
Earth Magic    | 5 10 | 10.0
Conjurations   | 3 6 |  6.1
Evocations     | 4 |  4.0
Spellcasting   | 6 8 12 | 12.0
Shields        | 4 8 |  8.0
Summonings     | 5 10 14 16 18 | 18.0
Translocations | 2 6 8 |  8.0
Air Magic      | 6 10 11 | 11.4
Long Blades    | 4 5 |  5.2
Maces & Flails | |  4.0

Action                   |  1- 3 |  4- 6 |  7- 9 | 10-12 | 13-15 | 16-18 || total
-------------------------+-------+-------+-------+-------+-------+-------++-------
Melee: Mace              |    29 |     9 |       |       |       |       ||    38
       Dagger            |       |     1 |    25 |    63 |       |       ||    89
       Punch             |       |       |     1 |     1 |       |       ||     2
       Rapier            |       |       |       |    21 |       |       ||    21
       Scimitar          |       |       |       |       |   122 |   110 ||   232
       Staff             |       |       |       |       |     4 |     2 ||     6
 Fire: Sling             |       |       |       |    12 |    24 |       ||    36
Throw: Dart              |       |       |     4 |     8 |     2 |       ||    14
       Boomerang         |       |       |       |       |       |     1 ||     1
 Cast: Scorch            |     3 |    28 |    73 |   334 |   111 |     4 ||   553
       Stone Arrow       |       |       |       |    51 |    31 |     8 ||    90
       Passwall          |       |       |       |     9 |     5 |     1 ||    15
       Summon Lightning  |       |       |       |     4 |    61 |     5 ||    70
       Airstrike         |       |       |       |     2 |    38 |     1 ||    41
       Summon Forest     |       |       |       |       |    31 |    12 ||    43
       Summon Hydra      |       |       |       |       |    29 |    59 ||    88
       Passage of Golubr |       |       |       |       |       |    18 ||    18
       Apportation       |       |       |       |       |       |    16 ||    16
Invok: Fiery Armour      |     4 |       |     1 |       |       |       ||     5
       Foxfire Swarm     |       |     1 |     1 |       |       |       ||     2
Evoke: Wand              |       |       |       |    22 |     8 |     2 ||    32
       Tin of tremorston |       |       |       |       |     6 |       ||     6
  Use: Potion            |       |     2 |     1 |    10 |     5 |       ||    18
       Scroll            |       |       |     1 |    17 |    14 |     1 ||    33
 Stab: Invisible         |       |       |       |     1 |       |       ||     1
       Petrified         |       |       |       |       |     2 |       ||     2
       Distracted        |       |       |       |       |     1 |       ||     1
Armor: Robe              |    22 |     2 |     3 |       |       |       ||    27
       Ring mail         |       |       |    15 |    76 |       |       ||    91
       Skin              |       |       |       |    33 |       |       ||    33
       Troll leather arm |       |       |       |    31 |   131 |    91 ||   253
Dodge: Dodged            |    23 |    10 |    22 |   131 |   203 |   116 ||   505
Block: Kite shield       |       |       |       |    65 |    65 |       ||   130
       Buckler           |       |       |       |       |   110 |    82 ||   192
